 Dungeon Crawl Stone Soup version 0.31-a0-190-g4feb4907b2 (webtiles) character file.

Game seed: 17148331008565906212

30 qw the Shooter (level 3, -1/20 HPs)
             Began as a Deep Elf Hunter on June 23, 2023.
             Slain by a gnoll
             ... wielding a +0 halberd
              (11 damage)
             ... on level 2 of the Dungeon.
             The game lasted 00:00:19 (874 turns).

qw the Shooter (Deep Elf Hunter)                     Turns: 874, Time: 00:00:19

Health: -1/20      AC:  8    Str: 10    XL:     3   Next: 5%
Magic:  5/5        EV: 11    Int: 13    God:
Gold:   68         SH:  0    Dex: 18    Spells: 2/2 levels left

rFire   . . .        Y - +0 shortbow
rCold   . . .        (shield currently unavailable)
rNeg    . . .        g - +3 ring mail
rPois   .            (no helmet)
rElec   .            (no cloak)
rCorr   .            (no gloves)
SInv    .            (no boots)
Will    .....        (no amulet)
Stlth   +            (no ring)
HPRegen 0.23/turn    (no ring)
MPRegen 0.09/turn

%: no passive effects
@: no status effects
A: no striking features
a: no special abilities


You were on level 2 of the Dungeon.
You visited 1 branch of the dungeon, and saw 2 of its levels.

You collected 68 gold pieces.


   Skills:
 - Level 1.5 Fighting
 + Level 6.6 Ranged Weapons
 - Level 2.4 Dodging
 - Level 1.2 Stealth


You had 2 spell levels left.
You didn't know any spells.
Your spell library was empty.

Inventory:

Hand Weapons
 Y - a +0 shortbow (weapon)
Armour
 g - a +3 ring mail (worn)
Potions
 f - a potion of mutation {unknown}

Dungeon Overview and Level Annotations

Branches:
Dungeon (2/15)

Altars:


Message History

You shoot an arrow. The arrow completely misses the bat.
You hear a shout!
The bat hits you but does no damage.
You shoot an arrow. The arrow hits the bat.
The bat is moderately wounded.
The bat barely misses you. x2
A gnoll comes into view. It is wielding a +0 whip.
You shoot an arrow. The arrow hits the bat.
The bat is severely wounded.
The bat hits you but does no damage. x2
You shoot an arrow. The arrow barely misses the bat.
You hear a shout!
The bat barely misses you.
A gnoll comes into view. It is wielding a +0 halberd.
The gnoll closely misses you.
You shoot an arrow. The arrow closely misses the gnoll.
The bat misses you.
The gnoll hits you from afar with a +0 halberd.
The gnoll hits you but does no damage.
You shoot an arrow. The arrow hits the gnoll.
The gnoll is lightly wounded.
The bat hits you but does no damage. The bat barely misses you.
The gnoll hits you from afar with a +0 halberd.
The gnoll closely misses you.
You shoot an arrow. The arrow hits the bat!
You kill the bat!
The gnoll hits you but does no damage. x2
You shoot an arrow.
The arrow hits the gnoll but does no damage.
The gnoll is lightly wounded.
The gnoll hits you from afar with a +0 halberd.
The gnoll hits you with a +0 whip.
You shoot an arrow.
The arrow hits the gnoll but does no damage.
The gnoll is lightly wounded.
The gnoll barely misses you. The gnoll hits you with a +0 whip.
The gnoll closely misses you.
The gnoll hits you from afar with a +0 halberd!
Ouch! That really hurt!
You die...

######### ###
#.......# ..
#.......# g#
#.......#####g######
#...........@.......
#........####.#####.
.........# .#
#........# %#
########.# .#
#####.# .# #.....#
.# #.####.###.# ..
#........#.####


You could see 2 gnolls.

Vanquished Creatures
  A dart slug (D:1)
  2 endoplasms (D:1)
  3 giant cockroaches
  5 goblins (D:1)
  3 hobgoblins
  2 ball pythons (D:1)
  4 bats
  A frilled lizard (D:1)
  A kobold (D:1)
  6 rats (D:1)
28 creatures vanquished.

Notes
Turn   | Place    | Note
-------+----------+-------------------------------------------
     0 | D:1      | qw the Deep Elf Hunter began the quest for the Orb.
     0 | D:1      | Reached XP level 1. HP: 12/12 MP: 3/3
     0 | D:1      | 0 ||| qw: Version: 0.3-a-9-g12657ce
     0 | D:1      | 0 ||| qw: Game counter: 4494
     0 | D:1      | 0 ||| qw: Always use a shield: true
     0 | D:1      | 0 ||| qw: God list: Okawaru
     0 | D:1      | 0 ||| qw: Allow faded altars: false
     0 | D:1      | 0 ||| qw: Do Orc after D:15 true
     0 | D:1      | 0 ||| qw: Do second Lair branch before Depths: true
     0 | D:1      | 0 ||| qw: Lair rune preference: random
     0 | D:1      | 0 ||| qw: Plans: Normal
     0 | D:1      | 0 ||| PLANNING D:1-11
    83 | D:1      | Reached XP level 2. HP: 14/16 MP: 4/4
    84 | D:1      | Reached skill level 6 in Ranged Weapons
   291 | D:1      | 291 ||| FLEEEEING.
   292 | D:1      | 292 ||| FLEEEEING.
   293 | D:1      | 293 ||| FLEEEEING.
   294 | D:1      | 294 ||| FLEEEEING.
   295 | D:1      | 295 ||| FLEEEEING.
   296 | D:1      | 296 ||| FLEEEEING.
   297 | D:1      | 297 ||| FLEEEEING.
   298 | D:1      | 298 ||| FLEEEEING.
   299 | D:1      | 299 ||| FLEEEEING.
   300 | D:1      | 300 ||| FLEEEEING.
   301 | D:1      | 301 ||| FLEEEEING.
   302 | D:1      | 302 ||| FLEEEEING.
   303 | D:1      | 303 ||| FLEEEEING.
   304 | D:1      | 304 ||| FLEEEEING.
   305 | D:1      | 305 ||| FLEEEEING.
   724 | D:1      | 724 ||| UPGRADING to +0 ring mail.
   734 | D:1      | 734 ||| DROPPING +0 leather armour.
   735 | D:1      | 735 ||| UPGRADING to +3 ring mail.
   745 | D:1      | 745 ||| DROPPING +0 ring mail.
   746 | D:1      | 746 ||| READING scroll labelled UKLENEH UPAMA.
   747 | D:1      | 747 ||| DROPPING scroll of butterflies.
   866 | D:2      | Reached XP level 3. HP: 20/20 MP: 5/5
   874 | D:2      | Slain by a gnoll

Levels and vault maps discovered:
D:1:      amcnicky_arrival_abandoned_market, layout_basic,
          minmay_misc_feat_ornament, minmay_bisected
D:2:      layout_loops_ring, serial_shops, shop

Skill      XL: |  1  2 |
---------------+-------+-----
Ranged Weapons | 6 |  6.6
Fighting       | |  1.5
Dodging        | |  2.4
Stealth        | |  1.2

Action                     || total
---------------------------++-------
   Fire: Shortbow          ||    71
    Use: Scroll            ||     1
 Armour: Ring mail         ||    10
         Leather armour    ||     2
  Dodge: Dodged            ||    25

Table legend:
 A = Non-vault XP
 B = Vault XP
 C = Vault XP percentage of total XP
 D = Non-vault monster count
 E = Vault monster count
 F = Vault count percentage of total count
                 A         B        C        D         E       F
            +---------+---------+-------+---------+---------+-------
      Total |      38 |       6 |  13.6 |      23 |       5 |  17.9
            +---------+---------+-------+---------+---------+-------
        D:1 |      30 |       6 |  16.7 |      19 |       5 |  20.8
        D:2 |       8 |       0 |   0.0 |       4 |       0 |   0.0
            +---------+---------+-------+---------+---------+-------
